Map: Oblivion Express

Players

NamroodTuo

  • Race: Zerg Zerg

Viktor

  • Race: Terran Terran
  • League: Platinum
  • Spawn Location: 12:00

VOD

Have the link to the VOD?

Description

Time

  • Played on: June 18, 2023, 11:07 a.m.
  • Length: 27:02
Show
View Real Time Build Order
Export as new Build Order

NamroodTuo Zerg 

Build Orders:  

Get SALT Encoding   

  12  0:03  Infested SCV  
  13  0:14  Infested SCV  
  14  0:22  Infested SCV  
  15  0:31  Overlord  
  15  0:45  Infested Refinery  
  15  0:57  Infested SCV  
  16  1:15  Infested SCV  
  16  1:16  Infested SCV  
  18  1:29  Infested SCV  
  19  1:37  Overlord  
  19  1:58  Infested Command Center  
  19  2:02  Infested SCV  
  20  2:13  Infested Refinery  
  20  2:20  Infested SCV  
  21  2:33  Anaerobic Enhancement  
  21  2:36  Infested SCV  
  22  3:00  Infested SCV  
  22  3:02  Overlord  
  23  3:13  Infested Barracks  
  23  3:16  Infested SCV  
  24  3:31  Infested Engineering Bay, Infested SCV  
  25  3:46  Infested SCV  
  26  4:32  Infestation Level 1  
  26  4:48  Infested SCV  
  26  4:49  Infested Bunker  
  31  4:50  Infested SCV  
  31  4:51  Infested SCV x2  
  31  4:55  Infested SCV  
  35  5:03  Infested SCV  
  35  5:04  Infested SCV  
  35  5:08  Infested SCV  
  38  5:11  Infested SCV  
  39  5:26  Infested SCV  
  40  5:38  Infested Command Center  
  40  5:44  Infested SCV x2  
  42  6:20  Infested Barracks Tech Lab  
  42  6:23  Stukov Infantry Weapons Level 1  
  42  6:33  Infested Bunker  
  46  6:41  Infested Marine  
  46  6:42  Infested Marine x7  
  46  6:47  Unknown  
  54  6:55  Infested Barracks Tech Lab  
  54  7:03  Overlord  
  54  7:04  Overlord x4  
  54  7:11  Infested Refinery  
  54  7:13  Infested Refinery  
  54  7:33  Infested Bunker  
  58  7:44  Infested Bunker  
  58  7:46  Infested SCV  
  63  8:02  Infested Factory  
  63  8:06  Broodling Gestation  
  63  8:19  Overlord  
  63  8:25  Overlord  
  55  8:55  Infested Bunker  
  55  8:56  Infested SCV  
  60  9:03  Stukov Infantry Armor Level 1, Infested Missile Turret  
  60  9:20  Infested Marine  
  60  9:21  Infested Marine x10  
  60  9:22  Infested Marine x9  
  80  9:38  Retinal Augmentation  
  80  9:58  Infested Bunker  
  84  10:05  Infested SCV  
  84  10:08  Infested SCV  
  86  10:10  Infested SCV  
  86  10:13  Infested SCV  
  88  10:38  Plagued Munitions  
  85  10:41  Overlord x2  
  85  10:47  Infested Missile Turret  
  85  11:16  Infested Marine  
  85  11:17  Infested Marine x19  
  92  11:30  Infested SCV  
  92  11:33  Infested Bunker  
  92  11:38  Infested Armory  
  93  11:43  Stukov Infantry Weapons Level 2  
  81  12:34  Infestation Level 2  
  77  12:40  Infested Factory Tech Lab  
  73  13:33  Infested SCV  
  73  13:34  Aggressive Incubation, Infested SCV  
  73  13:35  Overlord, Infested Bunker  
  73  13:36  Infested SCV x2  
  81  14:03  Infested Bunker  
  81  14:06  Infested Siege Tank x5  
  100  14:13  Automated Mitosis  
  100  14:23  Infested Marine  
  100  14:24  Infested Marine x17  
  100  14:25  Infested Marine x2  
  120  14:38  Infested Siege Tank  
  123  14:53  Regenerative Plating  
  123  14:58  Infested Bunker  
  127  15:04  Infested Missile Turret  
  127  15:13  Acidic Enzymes  
  104  15:51  Infested Marine  
  104  15:52  Infested Marine x11  
  104  15:53  Stukov Infantry Armor Level 2, Infested Marine x6  
  104  16:13  Infestation Level 3  
  89  16:43  Saturated Cultures  
  80  17:28  Infested Siege Tank x3  
  80  17:29  Infested Siege Tank x2  
  95  17:31  Overlord  
  95  17:32  Overlord x4  
  95  17:43  Caustic Mucus  
  95  17:54  Infested Marine  
  95  17:55  Infested Marine x6  
  95  17:56  Infested Marine x7  
  107  18:27  Infested Siege Tank x2  
  107  18:29  Infested Siege Tank  
  116  18:35  Stukov Vehicle and Ship Weapons Level 1  
  116  18:39  Overlord x4  
  116  18:43  Overseer x3  
  116  18:44  Overseer x2  
  113  19:03  Stukov Infantry Weapons Level 3  
  109  19:11  Infested Bunker  
  106  19:25  Infested Marine  
  106  19:26  Infested Marine x7  
  118  19:42  Infested Bunker  
  113  19:58  Infested Barracks  
  96  20:11  Infested Marine  
  96  20:12  Infested Marine x4  
  96  20:13  Infested Marine x14  
  109  20:22  Infested Marine x3  
  94  21:15  Stukov Vehicle and Ship Armor Level 1  
  86  21:59  Infested Barracks Tech Lab  
  90  22:00  Infested Bunker  
  90  22:25  Overseer x4  
  90  22:26  Overseer  
  94  22:40  Infested Bunker  
  94  22:42  Calcified Armor  
  98  23:11  Infested Bunker  
  102  23:23  Infested Bunker  
  101  25:11  Infested Siege Tank x2  
  101  25:12  Infested Siege Tank x3  
  120  25:21  Infested Bunker  
  120  25:26  Infested Bunker  
  132  26:09  Infested Bunker  
  132  26:13  Infested Diamondback x3  
  132  26:15  Infested Bunker  
Show
View Real Time Build Order
Export as new Build Order

Viktor Terran 

Build Orders:  

Get SALT Encoding   

  12  0:03  SCV  
  13  0:21  Supply Depot  
  13  0:24  SCV  
  14  0:38  SCV  
  15  0:52  SCV  
  15  0:57  Factory  
  16  1:07  SCV  
  17  1:15  Refinery  
  17  1:21  SCV  
  18  1:34  SCV  
  18  1:37  Supply Depot  
  19  1:48  SCV  
  20  2:00  Factory Tech Reactor  
  20  2:02  SCV  
  20  2:08  Supply Depot  
  21  2:15  SCV  
  22  2:25  Hellbat  
  22  2:26  Goliath  
  22  2:29  SCV  
  27  2:42  SCV  
  27  2:49  Hellbat  
  28  2:53  Perdition Turret  
  30  3:07  Goliath  
  32  3:12  SCV  
  33  3:33  Supply Depot  
  33  3:34  Goliath  
  35  3:49  Goliath  
  37  4:10  Goliath  
  37  4:15  Hellbat  
  37  4:18  Supply Depot  
  41  4:32  Perdition Turret  
  41  4:55  Command Center  
  41  5:04  Hellbat  
  41  5:05  Hellbat  
  45  5:35  SCV  
  45  5:38  Infernal Plating  
  46  5:48  SCV  
  47  5:57  Goliath x2  
  51  6:08  Perdition Turret  
  47  6:29  Goliath x2  
  49  6:36  SCV x2  
  51  6:50  SCV  
  51  6:52  Armory  
  51  6:55  Hellbat  
  51  6:56  SCV  
  53  7:03  SCV  
  56  7:10  SCV  
  56  7:11  Hellbat  
  56  7:17  SCV  
  60  7:24  SCV  
  61  7:31  SCV  
  61  7:37  SCV  
  63  7:45  SCV  
  63  7:47  Supply Depot  
  64  7:51  SCV  
  64  7:59  SCV  
  66  8:01  Terran Vehicle and Ship Weapons Level 1  
  66  8:04  SCV  
  66  8:05  Starport  
  67  8:14  Multi-Lock Weapons System  
  67  8:20  Supply Depot  
  67  8:21  SCV  
  67  8:22  SCV  
  67  8:26  Refinery  
  67  8:28  Refinery  
  69  8:52  Supply Depot  
  69  8:56  Starport Tech Reactor  
  69  9:05  SCV x2, Refinery  
  71  9:19  SCV x2  
  73  9:31  Supply Depot  
  73  9:43  SCV x2  
  71  9:51  Science Vessel  
  73  10:03  Upgrade Laser Drill Level 1  
  73  10:04  Supply Depot  
  73  10:11  Goliath x2  
  73  10:18  SCV  
  78  10:26  Infernal Pre-Igniter  
  78  10:28  Improved Nano-Repair  
  78  10:37  Supply Depot  
  78  10:41  Terran Vehicle And Ship Armor Level 1  
  78  10:43  Goliath x2  
  82  10:50  Factory  
  82  10:56  Science Vessel  
  84  11:09  Hellbat, Supply Depot  
  84  11:11  SCV  
  84  11:15  Goliath  
  89  11:30  Armory  
  89  11:33  Hellbat  
  91  11:42  Supply Depot  
  91  11:47  Goliath  
  93  11:50  Factory  
  93  11:52  Factory Tech Reactor  
  93  12:03  Goliath  
  93  12:06  Perdition Turret  
  91  12:15  Supply Depot  
  91  12:16  Hellbat  
  91  12:19  Goliath  
  89  12:23  Goliath  
  91  12:35  Goliath  
  93  12:43  Terran Vehicle and Ship Weapons Level 2  
  93  12:46  Goliath  
  95  12:51  Goliath  
  95  12:55  Goliath  
  99  13:05  Factory Tech Reactor  
  99  13:07  Goliath  
  101  13:18  Goliath  
  103  13:23  Goliath  
  103  13:28  Upgrade Laser Drill Level 2  
  105  13:32  Terran Vehicle And Ship Armor Level 2  
  103  13:47  Goliath  
  103  13:48  Goliath x3  
  103  14:00  Supply Depot  
  103  14:05  Ares-Class Targeting System  
  103  14:07  Hellbat  
  103  14:10  Supply Depot  
  103  14:17  Science Vessel  
  107  14:22  Goliath  
  109  14:35  Goliath  
  109  14:36  Goliath  
  93  15:06  Perdition Turret  
  93  15:08  Goliath x2  
  93  15:09  Goliath x2  
  93  15:10  Science Vessel  
  93  15:32  Siege Tank  
  93  15:33  Siege Tank  
  99  15:40  Siege Tank  
  98  15:53  Goliath  
  98  15:54  Goliath  
  94  16:18  Terran Vehicle and Ship Weapons Level 3  
  94  16:22  Goliath x3  
  100  16:38  Siege Tank  
  82  17:10  Goliath x4  
  82  17:11  Goliath  
  92  17:24  Terran Vehicle And Ship Armor Level 3  
  92  17:27  Goliath  
  94  17:42  Goliath  
  94  17:48  Supply Depot  
  94  17:49  Goliath  
  98  17:51  Goliath, Supply Depot  
  100  18:07  Goliath x2  
  96  18:24  Goliath x2  
  100  18:52  SCV x2  
  102  19:04  Engineering Bay  
  102  19:06  SCV  
  102  19:07  SCV  
  104  19:15  Goliath x2  
  104  19:16  Goliath  
  104  19:19  SCV  
  110  19:25  SCV  
  112  19:33  Supply Depot  
  112  19:45  Goliath x2  
  116  19:54  Spinning Dizzy  
  116  19:58  Regenerative Bio-Steel  
  116  20:10  Goliath x3  
  116  20:11  Goliath  
  124  20:42  Goliath x3  
  130  20:52  Supply Depot  
  130  20:54  Spinning Dizzy  
  130  20:59  Siege Tank  
  130  21:04  Science Vessel, Advanced Optics  
  130  21:05  Science Vessel  
  134  21:14  Goliath  
  134  21:16  Goliath  
  124  21:43  Goliath x3  
  130  21:54  Devastation Turret  
  130  22:04  Hellbat  
  130  22:05  Hellbat  
  130  22:06  Fire-Suppression Systems  
  130  22:10  Hellbat  
  136  22:31  Supply Depot  
  136  22:53  Goliath x3  
  136  22:54  Goliath  
  144  23:04  Spinning Dizzy  
  144  23:06  Structure Armor  
  144  23:35  Goliath x4  
  144  23:36  Goliath  
  154  23:49  Supply Depot  
  154  23:59  Goliath  
  154  24:07  Goliath x2  
  150  24:23  Goliath x2  
  150  24:24  Goliath  
  150  24:31  Goliath  
  150  24:39  Goliath  
  154  24:56  Science Vessel x2  
  157  25:15  Goliath x4  
  165  25:35  Hellbat  
  165  25:36  Hellbat  
  165  25:41  Hellbat  
Tags
 
Commander
StukovSwann
League
Platinum
Matchup
Co-op
Replay Pack
Multiplayer
Add a new tag
Caveats
  • Supply blocks, unpowered buildings, or Contaminate may cause inaccurate times.
  • Supply counts are checked every 10 seconds.